 Dungeon Crawl Stone Soup version 0.27.0-1-g7a08968 (webtiles) character file.

Game seed: 1553496877848928460

526 Orban the Poker (level 7, -5/55 HPs)
             Began as a Demonspawn Berserker on Aug 31, 2022.
             Was a Believer of Trog.
             Slain by a gnoll (9 damage)
             ... on level 4 of the Dungeon on Sept 1, 2022.
             The game lasted 00:07:43 (4526 turns).

Orban the Poker (Demonspawn Berserker)              Turns: 4526, Time: 00:07:44

Health: -5/55      AC:  5    Str: 20    XL:     7   Next: 2%
Magic:  7/7        EV: 11    Int:  8    God:    Trog [**....]
Gold:   140        SH:  0    Dex: 12    Spells: 6/6 levels left

rFire    . . .     SeeInvis .   a - +0 spear
rCold    . . .     Faith    .   (no shield)
rNeg     . . .     Spirit   .   k - +0 ring mail
rPois    .         Reflect  .   (no helmet)
rElec    .         Harm     .   (no cloak)
rCorr    .         Rampage  .   (no gloves)
Will     .....                  (no boots)
Stlth    +.........             (no amulet)
HPRegen  0.18/turn              c - ring of flight
MPRegen  0.10/turn              (no ring)

@: on berserk cooldown, flying, slowed, very slow
A: hooves 1, ignite blood 1, powered by death 1
a: Renounce Religion, Berserk, Trog's Hand


You were on level 4 of the Dungeon.
You worshipped Trog.
Trog was pleased with you.
You visited 1 branch of the dungeon, and saw 4 of its levels.

You collected 140 gold pieces.

Inventory:

Hand Weapons
 a - a +0 spear (weapon)
 r - a +3 short sword
 s - a +0 mace
Armour
 b - a +0 animal skin
 k - a +0 ring mail (worn)
Jewellery
 c - a ring of flight (left hand)
Scrolls
 d - a scroll of identify
 e - 2 scrolls of silence
 h - a scroll of noise {unknown}
 j - a scroll of magic mapping {unknown}
 m - a scroll of fear {unknown}
 n - a scroll of holy word {unknown}
 o - a scroll of enchant weapon {unknown}
Potions
 f - a potion of brilliance {unknown}
 g - a potion of curing
 i - 2 potions of heal wounds {unknown}
 l - 2 potions of haste {unknown}
 p - a potion of berserk rage
 q - a potion of ambrosia {unknown}


   Skills:
 + Level 4.6 Fighting
 + Level 4.9 Polearms
 + Level 3.4 Armour
 + Level 2.6 Dodging
 + Level 2.0 Stealth


You had 6 spell levels left.
You didn't know any spells.
Your spell library contained the following spells:

 Spells                   Type           Power      Damage    Failure   Level
 Animate Skeleton         Necr           0%         N/A       56%         1
 Apportation              Tloc           0%         N/A       56%         1
 Corona                   Hex            0%         N/A       56%         1
 Summon Small Mammal      Summ           0%         N/A       56%         1


Dungeon Overview and Level Annotations

Branches:
Dungeon (4/15)
 Temple: D:4-7

Altars:

Annotations:
D:4 1 runed translucent door


Innate Abilities, Weirdness & Mutations

You have large cloven feet.
Your demonic aura sometimes causes spilled blood to erupt in flames.
You regenerate a little health from kills.


Message History

Trog accepts your kill.
The goblin no longer looks unusually strong.
You hit the goblin. You kick the goblin.
You kill the goblin!
Trog accepts your kill. The gnoll barely misses you.
You completely miss the goblin.
The gnoll hits you from afar with a +0 spear.
The goblin hits you with a +0 club. The gnoll closely misses you.
You hit the goblin.
The goblin is severely wounded.
The gnoll hits you with a +0 whip.
The gnoll hits you from afar with a +0 spear!
* * * LOW HITPOINT WARNING * * *
The goblin barely misses you.
You feel a strong urge to attack something.
The goblin no longer looks unusually strong.
You are no longer berserk.
You are exhausted.
You feel yourself slow down.
There is an open door here.
The hobgoblin no longer looks unusually strong.
The goblin no longer looks unusually strong.
The goblin hits you with a +0 club.
The gnoll hits you from afar with a +0 spear.
* * * LOW HITPOINT WARNING * * *
The hobgoblin barely misses you. The gnoll closely misses you.
The goblin hits you with a +0 club.
* * * LOW HITPOINT WARNING * * *
The gnoll hits you from afar with a +0 halberd!
* * * LOW HITPOINT WARNING * * *
The gnoll closely misses you. The hobgoblin closely misses you.
There is an open door, spattered with blood here.
The gnoll misses you. The goblin hits you but does no damage.
The goblin hits you but does no damage. The goblin hits you but does no damage.
The gnoll closely misses you. The goblin hits you with a +0 club.
* * * LOW HITPOINT WARNING * * *
The gnoll hits you from afar with a +0 halberd!
You die...

..#####.#####<.########.
.............>........#. .#
#.####)####..........#.
.....# #.# #..........#.
....#
#.####.######.......##.
...#
#...................##.
..########.#######......##.
.######.........[..#
#......##.
.w.).....#######@#.#
##...#####
...).)).w#######g#.#
#........
.....)...gggg..g.#.#
##.####..
.........#########.# #.#
#.. ##...............#.#
#.# #.. #.#############.#.#
#.# #.. #. #.....# #.# ###
## ####### #.# #.#


You could see a gnoll and a goblin.

Vanquished Creatures
  The ghost of Vixxxy the Ruffian, an amateur DrTm (D:4)
  2 ogres (D:4)
  An orc priest (D:4)
  A bullfrog skeleton (D:3)
  Robin (D:4)
  A gnoll (D:4)
  3 adders
  2 river rats (D:4)
  2 worms
  7 dart slugs
  7 orcs
  7 ball pythons
  3 endoplasms
  4 giant cockroaches
  10 goblins
  7 hobgoblins
  7 jackals
  2 quokkas (D:1)
  3 bats
  3 frilled lizards
  2 kobolds (D:2)
  5 rats
81 creatures vanquished.

Vanquished Creatures (others)
  4 fungi (D:2)
  10 plants (D:2)
14 creatures vanquished.

Grand Total: 95 creatures vanquished

Notes
Turn   | Place    | Note
-------+----------+-------------------------------------------
     0 | D:1      | Orban the Demonspawn Berserker began the quest for the Orb.
     0 | D:1      | Reached XP level 1. HP: 18/18 MP: 1/1
   145 | D:1      | Gained mutation: Your demonic aura sometimes causes spilled
                  | blood to erupt in flames. [demonic ancestry]
   145 | D:1      | Reached XP level 2. HP: 24/24 MP: 2/2
  1117 | D:1      | Reached XP level 3. HP: 30/30 MP: 3/3
  1750 | D:2      | Reached ** piety under Trog
  1880 | D:2      | Found a faded altar of an unknown god.
  1997 | D:2      | You are sucked into a shaft and drop 2 floors!
  2214 | D:2      | Gained mutation: You regenerate a little health from kills.
                  | [demonic ancestry]
  2214 | D:2      | Reached XP level 4. HP: 28/37 MP: 4/4
  3200 | D:3      | Reached skill level 1 in Stealth
  3911 | D:4      | Noticed an ogre
  3919 | D:4      | Killed an ogre
  3920 | D:4      | Reached XP level 5. HP: 42/42 MP: 5/5
  3923 | D:4      | Found a runed translucent door.
  4135 | D:4      | Found a runed translucent door.
  4140 | D:4      | Noticed Vixxxy's ghost (amateur DrTm)
  4284 | D:4      | Killed Vixxxy's ghost
  4285 | D:4      | Reached XP level 6. HP: 22/49 MP: 6/6
  4480 | D:4      | Identified the +9 dagger "Gulusse" {freeze, Contam Fly rC++
                  | Str+2}
  4489 | D:4      | Noticed Robin
  4499 | D:4      | Killed Robin
  4509 | D:4      | Gained mutation: You have large cloven feet. [demonic
                  | ancestry]
  4509 | D:4      | Reached XP level 7. HP: 35/55 MP: 7/7
  4526 | D:4      | Slain by a gnoll

Illustrated notes

Levels and vault maps discovered:
D:1:      ncdulo_smallfort, layout_loops_cross
D:2:      layout_loops_corners, shapermc_ecumenical_altar_mp_urbaneastern
D:3:      layout_basic
D:4:      layout_basic, chequers_temple_overflow_minitemple,
          ebering_ghost_sewer_f, uniq_grinder, uniq_robin

Skill      XL: |  1  2  3  4  5 |
---------------+----------------+-----
Polearms       | 3 4 |  4.9
Dodging        | 2 |  2.6
Fighting       | 4 |  4.6
Stealth        | 1 2 |  2.0
Armour         | 2 3 |  3.4

Action                   |  1- 3 |  4- 6 |  7- 9 || total
-------------------------+-------+-------+-------++-------
Melee: Spear             |   148 |   142 |     4 ||   294
       Kick              |       |       |     1 ||     1
Invok: Berserk           |     1 |     4 |       ||     5
  Use: Scroll            |     6 |       |       ||     6
       Potion            |     2 |       |       ||     2
 Stab: Sleeping          |     2 |     3 |       ||     5
       Distracted        |     1 |       |       ||     1
Armor: Animal skin       |    19 |       |       ||    19
       Ring mail         |       |    39 |     3 ||    42
Dodge: Dodged            |    69 |    72 |     9 ||   150
